 Dungeon Crawl Stone Soup version 0.21.1-1-g345015f (webtiles) character file.

126 letownia2 the Magician (level 5, 26/36 HPs)
             Began as a Merfolk Wizard on Mar 10, 2018.
             Quit the game on level 4 of the Dungeon.
             The game lasted 00:08:46 (1309 turns).

letownia2 the Magician (Merfolk Wizard)             Turns: 1309, Time: 00:08:47

Health: 26/36      AC:  3    Str:  8    XL:     5   Next: 10%
Magic:  9/9        EV: 12    Int: 18    God:
Gold:   168        SH:  0    Dex: 12    Spells: 1/10 levels left

rFire    . . .     SeeInvis .   h - +0 dagger
rCold    . . .     Gourm    .   (no shield)
rNeg     . . .     Faith    .   i - +0 leather armour
rPois    .         Spirit   .   b - +0 hat
rElec    .         Reflect  .   (no cloak)
rCorr    .         Harm     .   (no gloves)
MR       .....                  (no boots)
Stlth    ++........             (no amulet)
HPRegen  0.12/turn              (no ring)
MPRegen  0.11/turn              (no ring)

@: no status effects
A: change form in water, swift swim, stealthy swim
a: no special abilities


You were on level 4 of the Dungeon.
You were not hungry.

You visited 2 branches of the dungeon, and saw 5 of its levels.
You also visited: Sewer.

You collected 168 gold pieces.

Inventory:

Hand Weapons
 h - a +0 dagger (weapon)
 o - a +0 rapier
Missiles
 q - 8 tomahawks (quivered)
Armour
 a - a +0 robe
 b - a +0 hat (worn)
 i - a +0 leather armour (worn)
 j - a +0 ring mail
Scrolls
 e - 4 scrolls of remove curse {unknown}
 g - 2 scrolls of enchant weapon {unknown}
Potions
 f - 2 potions of curing {unknown}
 k - a potion of lignification {unknown}
 l - a potion of might {unknown}
 m - a potion of heal wounds {unknown}
 n - a potion of berserk rage {unknown}
 p - a potion of flight {unknown}
Books
 c - a book of Minor Magic

   Spells                             Type                      Level
   a - Magic Dart                     Conjuration                  1
   b - Blink                          Translocation                2
   c - Call Imp                       Summoning                    2
   d - Slow                           Hexes                        2
   e - Conjure Flame                  Conjuration/Fire             3
   f - Mephitic Cloud                 Conjuration/Poison/Air       3
Comestibles
 d - 6 rations


   Skills:
 - Level 0.9 Fighting
 - Level 0.4 Armour
 - Level 3.0 Dodging
 - Level 2.1 Stealth
 - Level 3.0 Spellcasting
 + Level 2.0 Conjurations
 - Level 2.2 Summonings
   Level 0.7 Translocations
 + Level 0.0 Fire Magic
 + Level 1.3 Air Magic
 + Level 1.8 Poison Magic


You had one spell level left.
You knew the following spells:

 Your Spells              Type           Power        Failure   Level  Hunger
a - Magic Dart            Conj           ##..         10%         1    None
c - Conjure Flame         Conj/Fire      #.......     41%         3    ###....
e - Mephitic Cloud        Conj/Pois/Air  #.......     32%         3    ###....
i - Call Imp              Summ           ##......     14%         2    ##.....


Dungeon Overview and Level Annotations

Branches:
Dungeon (4/15)             Temple (1/1) D:4

Altars:
Ashenzari
Dithmenos
Hepliaklqana
Kikubaaqudgha
Makhleb
Ru
Sif Muna
Uskayaw
Xom
Yredelemnul


Message History

There is a staircase to the Ecumenical Temple here.
Your crimson imp disappears in a puff of smoke!
You climb downwards.
Welcome to the Ecumenical Temple!
Your summoned ally is left behind.
Found a burning altar of Makhleb and a hide-covered altar of Uskayaw.
There is a staircase back to the Dungeon here.
Found a sacrificial altar of Ru.
Found a shattered altar of Ashenzari.
Found an ancient bone altar of Kikubaaqudgha.
Found a hazy altar of Hepliaklqana.
Found a basalt altar of Yredelemnul.
Found a shimmering altar of Xom.
Found a shadowy altar of Dithmenos.
There is a shadowy altar of Dithmenos here.
There is a shimmering altar of Xom here.
There is a burning altar of Makhleb here.
There is a staircase back to the Dungeon here.
You climb upwards.
Welcome back to the Dungeon!
There is a staircase to the Ecumenical Temple here.
Are you sure you want to abandon this character and quit the game? (Confirm with "yes".)

#.# .# #.####.## .#
####.#.......####.##
.....#.......##.... .
######.......##.#.# .#
................#.##.#
................⌠....#
.....................#
..............⌠.@.⌠.#
....................#
.......#####.[..⌠...##
.......# #......(..##
.......# ###.........
######## #.........#
#.........#
#.........# #...>...##


There were no monsters in sight!

Vanquished Creatures
  A worm (D:2)
  2 dart slugs (D:1)
  6 leopard geckos
  3 hobgoblins
  2 jackals (D:1)
  A kobold (D:2)
  2 quokkas
  2 bats
  A frilled lizard (D:1)
  2 goblins
  5 rats
27 creatures vanquished.

Vanquished Creatures (collateral kills)
  A crocodile (Sewer)
  A worker ant (D:4)
  2 adders (D:3)
  A river rat (D:3)
  A leopard gecko (D:3)
  An orc (D:4)
  4 bats (Sewer)
  A goblin (D:3)
  2 hobgoblins (D:3)
14 creatures vanquished.

Grand Total: 41 creatures vanquished

Notes
Turn   | Place    | Note
-------+----------+-------------------------------------------
     0 | D:1      | letownia2 the Merfolk Wizard began the quest for the Orb.
     0 | D:1      | Reached XP level 1. HP: 13/13 MP: 4/4
    39 | D:1      | Reached skill level 1 in Conjurations
   160 | D:1      | Reached XP level 2. HP: 3/19 MP: 0/6
   224 | D:1      | Learned a level 2 spell: Call Imp
   474 | D:2      | Reached XP level 3. HP: 24/24 MP: 4/7
   479 | D:2      | Learned a level 3 spell: Mephitic Cloud
   583 | D:2      | Found a deep blue altar of Sif Muna.
   849 | D:3      | Reached skill level 1 in Poison Magic
   965 | D:3      | Found a glowing drain.
   968 | D:3      | Reached XP level 4. HP: 19/30 MP: 3/8
   975 | D:3      | Reached skill level 1 in Air Magic
   982 | Sewer    | Entered a sewer
  1010 | Sewer    | Noticed a crocodile
  1072 | Sewer    | Killed a crocodile
  1214 | D:4      | Reached XP level 5. HP: 26/36 MP: 2/9
  1222 | D:4      | Learned a level 3 spell: Conjure Flame
  1225 | D:4      | Found a staircase to the Ecumenical Temple.
  1244 | Temple   | Entered the Ecumenical Temple
  1309 | D:4      | Quit the game

Skill      XL: |  1  2  3  4 |
---------------+-------------+-----
Conjurations   | 1 2 |  2.0
Summonings     | 2 |  2.2
Poison Magic   | 1 |  1.8
Air Magic      | 1 |  1.3
Dodging        | 3 |  3.0
Fighting       | |  0.9
Armour         | |  0.4
Stealth        | |  2.1
Spellcasting   | |  3.0
Translocations | |  0.7

Action                   |  1- 3 |  4- 6 || total
-------------------------+-------+-------++-------
Melee: Unarmed           |     4 |       ||     4
       Dagger            |    62 |    19 ||    81
 Cast: Magic Dart        |    52 |     1 ||    53
       Call Imp          |     5 |     5 ||    10
       Mephitic Cloud    |     2 |     1 ||     3
 Stab: Sleeping          |     3 |     1 ||     4
       Confused          |     2 |     1 ||     3
  Eat: Chunk             |       |     2 ||     2
Armor: Robe              |     3 |       ||     3
       Leather armour    |     1 |    10 ||    11
Dodge: Dodged            |    37 |    18 ||    55
